 Dungeon Crawl Stone Soup version 0.22.1-2-g9c5b331383 (webtiles) character file.

38 Forgol the Digger (level 3, -3/28 HPs)
             Began as a Deep Dwarf Earth Elementalist on Dec 26, 2018.
             Slain by an orc
             ... wielding a +0 mace
              (7 damage)
             ... on level 3 of the Dungeon on Dec 28, 2018.
             The game lasted 00:09:57 (2329 turns).

Forgol the Digger (Deep Dwarf Earth Elementalist)   Turns: 2329, Time: 00:09:57

Health: -3/28      AC:  2    Str: 11    XL:     3   Next: 25%
Magic:  3/5        EV: 12    Int: 16    God:
Gold:   109        SH:  0    Dex: 13    Spells: 5/6 levels left

rFire    . . .     SeeInvis .   (no weapon)
rCold    . . .     Gourm    .   (no shield)
rNeg     . . .     Faith    .   c - +0 robe
rPois    .         Spirit   .   (no helmet)
rElec    .         Reflect  .   (no cloak)
rCorr    .         Harm     .   (no gloves)
MR       .....                  (no boots)
Stlth    ++........             (no amulet)
HPRegen  0.00/turn              (no ring)
MPRegen  0.09/turn              (no ring)

@: non-regenerating
A: damage resistance, heal wounds, sense surroundings 1, no regeneration
a: Heal Wounds


You were on level 3 of the Dungeon.
You were not hungry.

You visited 1 branch of the dungeon, and saw 3 of its levels.

You collected 109 gold pieces.

Inventory:

Hand Weapons
 e - a +2 vampiric hand axe
 s - a +0 spear
Missiles
 b - 70 stones
 n - 6 tomahawks (quivered)
Armour
 c - a +0 robe (worn)
 h - a +1 helmet
 t - a +0 cloak
Jewellery
 a - an uncursed ring of resist corrosion {unknown}
 l - a +3 ring of dexterity {unknown}
 q - an uncursed amulet of regeneration {unknown}
Scrolls
 g - a scroll of blinking {unknown}
 i - a scroll of immolation {unknown}
 k - 4 scrolls of identify {unknown}
 m - 3 scrolls of remove curse {unknown}
 p - a scroll of enchant armour {unknown}
Potions
 f - a potion of magic {unknown}
 j - 2 potions of invisibility {unknown}
 o - a potion of lignification {unknown}
Comestibles
 d - 9 rations


   Skills:
 - Level 2.1 Dodging
 - Level 2.4 Stealth
 + Level 2.3 Spellcasting
   Level 0.8 Transmutations
 * Level 5.3 Earth Magic


You had 5 spell levels left.
You knew the following spells:

 Your Spells              Type           Power        Failure   Level  Hunger
a - Sandblast             Erth           ###...       2%          1    #......

Your spell library contained the following spells:

 Spells                   Type           Power        Failure   Level  Hunger
 Passwall                 Tmut/Erth      ##......     9%          2    ###....
 Stone Arrow              Conj/Erth      ##....       21%         3    ###....
 Petrify                  Tmut/Erth      ##......     50%         4    #####..
 Lee's Rapid Deconstruct  Erth           ###.......   54%         5    ######.


Dungeon Overview and Level Annotations

Branches:
Dungeon (3/15)

Altars:
Ashenzari


Innate Abilities, Weirdness & Mutations

You are resistant to damage.
You can heal yourself by infusing magical energy.
You passively map a small area around you.
You do not regenerate.


Message History

The orc barely misses you. The orc hits you with a club.
The orc priest closely misses you. The orc hits you but does no damage.
The orc misses you.
The orc priest looks encouraged for a moment.
The orc barely misses you. x2
The orc priest looks satisfied for a moment.
The orc hits you but does no damage. The orc priest misses you.
The orc hits you but does no damage. The orc barely misses you.
The orc priest hits you from afar with a trident.
The orc hits you with a club.
* * * LOW HITPOINT WARNING * * *
The orc priest closely misses you. The orc closely misses you.
The orc hits you but does no damage. The orc priest closely misses you.
The orc barely misses you. x2
The orc priest invokes the aid of Beogh against you.
Pain shoots through your body!
* * * LOW HITPOINT WARNING * * *
The orc closely misses you. The orc hits you with a mace!
You die...

...........,,,,
#.........####.
...............
, #............
, , .
.>........,, ,
#..#.....o#* ,,
#......)..# , ,
* * ......o@..#
, , #....#o...#
, ##+*......#
.......... *
,.............
##.###...#####
* #. #.#.. .
,.. .# * **


You could see an orc priest and 2 orcs.

Vanquished Creatures
  An adder (D:2)
  2 dart slugs
  2 orcs
  4 bats
  2 goblins
  2 hobgoblins (D:2)
  3 jackals (D:1)
  2 frilled lizards (D:2)
  3 kobolds
  3 rats
24 creatures vanquished.

Vanquished Creatures (others)
  4 toadstools (D:1)
4 creatures vanquished.

Grand Total: 28 creatures vanquished

Notes
Turn   | Place    | Note
-------+----------+-------------------------------------------
     0 | D:1      | Forgol the Deep Dwarf Earth Elementalist began the quest
                  | for the Orb.
     0 | D:1      | Reached XP level 1. HP: 15/15 MP: 3/3
   457 | D:1      | Reached XP level 2. HP: 20/22 MP: 3/5
  1220 | D:2      | Found a shattered altar of Ashenzari.
  1506 | D:2      | Reached skill level 5 in Earth Magic
  1861 | D:2      | Reached XP level 3. HP: 21/28 MP: 1/6
  2329 | D:3      | Slain by an orc

Skill      XL: |  1  2 |
---------------+-------+-----
Spellcasting   | 2 |  2.3
Earth Magic    | 5 |  5.3
Dodging        | |  2.1
Stealth        | |  2.4
Transmutations | |  0.8

Action                   || total
-------------------------++-------
Melee: Unarmed           ||    24
Throw: Stone             ||     5
       Tomahawk          ||    26
 Cast: Sandblast         ||    36
 Abil: Heal Wounds       ||     1
  Eat: Ration            ||     1
       Chunk             ||     1
Armor: Robe              ||    14
Dodge: Dodged            ||    64
